Map: Abyssal Reef LE

Players

LiquidTLO (TLO)

  • Race: Zerg Zerg
  • Spawn Location: 11:00

Cham - Winner!

  • Race: Zerg Zerg
  • Spawn Location: 5:00

Event: WCS Jonkoping 2017

VOD

Have the link to the VOD?

Description

Time

  • Played on: June 17, 2017, 11:10 a.m.
  • Length: 16:15

All games in this series

Show
View Real Time Build Order
Export as new Build Order

LiquidTLO Zerg 

Build Orders: Hatch First 

Get SALT Encoding   

  12  0:01  Drone  
  13  0:13  Overlord  
  13  0:17  Drone  
  14  0:31  Drone  
  14  0:32  Drone  
  16  0:36  Drone  
  17  0:52  Hatchery  
  17  0:56  Drone  
  17  1:10  Spawning Pool  
  16  1:13  Drone  
  16  1:15  Drone  
  18  1:18  Drone  
  18  1:23  Extractor  
  18  1:29  Drone  
  19  1:39  Overlord  
  19  1:53  Drone  
  20  1:57  Queen  
  22  2:01  Zergling x2  
  22  2:04  Queen  
  22  2:05  Drone  
  26  2:12  Drone  
  26  2:15  Drone  
  28  2:22  Drone  
  29  2:26  Hatchery  
  28  2:33  Queen  
  28  2:36  Drone  
  31  2:44  Baneling Nest  
  31  2:45  Zergling x2  
  31  2:46  Zergling x2  
  32  2:51  Overlord  
  32  2:56  Drone  
  32  2:57  Drone  
  34  3:00  Drone  
  35  3:07  Drone  
  35  3:10  Drone x2  
  35  3:12  Drone  
  39  3:15  Drone  
  39  3:16  Drone x2  
  39  3:17  Drone  
  40  3:21  Zergling x2  
  40  3:23  Drone  
  42  3:28  Baneling  
  42  3:32  Drone  
  42  3:33  Evolution Chamber, Zergling x2  
  43  3:39  Overlord  
  43  3:42  Drone  
  43  3:43  Drone  
  43  3:48  Baneling x2  
  45  3:50  Roach Warren  
  45  3:51  Drone  
  45  3:52  Overlord  
  45  3:54  Drone  
  46  3:57  Drone  
  46  3:59  Overlord  
  46  4:00  Drone  
  48  4:03  Zergling x2  
  48  4:07  Zergling x2  
  50  4:10  Baneling  
  50  4:12  Drone  
  50  4:14  Drone x5  
  50  4:16  Drone  
  56  4:17  Drone  
  56  4:19  Baneling  
  56  4:21  Drone  
  56  4:22  Drone  
  56  4:23  Drone  
  60  4:28  Overlord  
  60  4:34  Extractor x2, Drone  
  60  4:37  Roach  
  61  4:39  Drone  
  61  4:43  Extractor, Drone x2, Overlord  
  63  4:46  Baneling  
  63  4:48  Zergling x4  
  65  4:52  Overlord  
  65  4:55  Drone x3  
  65  4:57  Overlord  
  65  4:59  Roach  
  70  5:00  Spine Crawler  
  70  5:05  Roach, Spine Crawler  
  69  5:08  Roach  
  69  5:09  Roach x2  
  69  5:10  Roach  
  69  5:12  Ravager  
  69  5:14  Roach  
  80  5:15  Overlord  
  80  5:18  Roach  
  80  5:20  Roach  
  84  5:21  Baneling  
  84  5:25  Roach x2  
  88  5:30  Roach  
  88  5:31  Roach  
  88  5:32  Roach  
  76  5:53  Roach x8  
  88  6:00  Drone  
  88  6:01  Lair  
  90  6:04  Drone  
  90  6:06  Queen  
  90  6:08  Drone  
  90  6:09  Drone  
  94  6:12  Drone, Zerg Missile Weapons Level 1  
  94  6:14  Overlord  
  94  6:17  Extractor  
  94  6:18  Extractor  
  93  6:21  Drone  
  93  6:23  Drone  
  93  6:24  Drone  
  96  6:30  Pneumatized Carapace, Drone  
  96  6:32  Hatchery  
  96  6:33  Overlord  
  96  6:35  Drone  
  97  6:41  Drone  
  97  6:47  Drone x2  
  99  6:48  Ravager x4  
  99  6:52  Overlord  
  104  6:57  Drone  
  104  6:58  Evolution Chamber, Drone x4  
  108  7:01  Glial Reconstitution  
  108  7:02  Overseer  
  108  7:06  Roach x2  
  108  7:07  Roach  
  114  7:09  Overlord  
  114  7:10  Overlord  
  114  7:17  Roach  
  114  7:18  Infestation Pit, Roach x2  
  119  7:25  Zerg Ground Armor Level 1  
  119  7:26  Roach  
  119  7:29  Queen  
  121  7:30  Queen x2  
  121  7:32  Drone x2  
  129  7:38  Extractor, Drone x2  
  129  7:40  Overlord  
  130  7:46  Queen  
  130  7:50  Drone  
  133  7:55  Spore Crawler, Pathogen Glands  
  132  7:59  Overlord  
  132  8:06  Burrow  
  132  8:10  Roach  
  132  8:12  Roach  
  138  8:13  Roach  
  138  8:14  Roach x3  
  138  8:18  Roach  
  144  8:21  Infestor x2  
  144  8:22  Roach  
  144  8:23  Roach x5  
  160  8:29  Evolution Chamber, Overlord x2  
  160  8:31  Overlord  
  159  8:41  Spore Crawler, Overlord  
  159  8:43  Spore Crawler  
  159  8:44  Roach  
  159  8:48  Roach  
  159  8:49  Roach  
  159  8:52  Roach x2  
  159  8:53  Roach x2  
  165  8:55  Roach  
  165  8:56  Roach x2  
  165  8:58  Roach x2  
  165  9:01  Roach  
  165  9:02  Roach x3  
  179  9:03  Roach  
  179  9:08  Zerg Missile Weapons Level 2  
  181  9:14  Drone  
  181  9:15  Drone  
  181  9:16  Infestor x2  
  187  9:19  Ravager x4  
  187  9:23  Infestor x4  
  191  9:29  Zerg Ground Armor Level 2  
  191  9:31  Overlord x2  
  191  9:36  Spore Crawler  
  191  9:37  Spore Crawler  
  189  9:50  Roach  
  191  9:54  Overlord x2  
  191  10:03  Overlord  
  191  10:06  Hydralisk Den  
  190  10:08  Hive  
  190  10:16  Spine Crawler  
  190  10:17  Drone x3  
  190  10:18  Spine Crawler, Drone x3  
  190  10:20  Ravager x3  
  190  10:21  Ravager x3  
  200  10:37  Roach  
  194  10:47  Roach x17  
  194  10:48  Roach  
  194  10:49  Roach x2  
  192  10:50  Roach  
  192  10:51  Roach  
  192  10:54  Roach  
  192  10:55  Roach  
  176  10:57  Roach  
  176  10:59  Roach  
  176  11:00  Roach  
  176  11:03  Roach  
  157  11:05  Infestor  
  157  11:07  Roach  
  157  11:09  Roach  
  157  11:12  Roach  
  157  11:14  Roach  
  157  11:18  Drone  
  162  11:21  Drone  
  162  11:22  Drone x5  
  170  11:25  Roach  
  170  11:30  Roach x2  
  170  11:31  Roach  
  176  11:36  Zerg Missile Weapons Level 3  
  176  11:38  Roach  
  178  11:42  Roach  
  178  11:43  Roach  
  178  11:44  Evolution Chamber  
  178  11:46  Roach x4  
  181  11:52  Roach  
  181  11:53  Roach  
  158  11:54  Roach x2  
  158  11:56  Roach  
  158  11:57  Infestor  
  158  11:58  Roach x2  
  139  12:02  Roach  
  139  12:03  Roach  
  139  12:04  Roach  
  139  12:06  Roach  
  128  12:09  Roach x2  
  128  12:10  Drone  
  128  12:13  Drone  
  130  12:18  Zerg Ground Armor Level 3  
  130  12:20  Roach  
  132  12:24  Roach x2  
  132  12:27  Roach  
  132  12:28  Roach  
  140  12:30  Roach x4  
  140  12:34  Ravager x3  
  140  12:35  Ravager, Hydralisk  
  146  12:37  Hydralisk  
  146  12:41  Hydralisk  
  146  12:43  Roach  
  152  12:45  Roach  
  152  12:48  Roach  
  152  12:50  Roach  
  158  12:55  Roach  
  150  12:59  Roach x2  
  150  13:01  Roach  
  150  13:02  Roach x2  
  141  13:06  Roach  
  141  13:08  Roach x2  
  141  13:09  Roach  
  141  13:11  Roach x4  
  140  13:16  Roach x2  
  140  13:19  Ravager x2  
  146  13:21  Roach x2  
  146  13:22  Roach  
  146  13:26  Roach  
  154  13:28  Roach x2  
  154  13:30  Roach  
  154  13:33  Infestor  
  162  13:40  Roach  
  166  13:41  Roach x2  
  166  13:42  Roach  
  166  13:44  Roach  
  166  13:46  Roach  
  175  13:48  Roach  
  175  13:49  Roach  
  175  13:52  Roach  
  175  13:53  Roach  
  175  13:55  Roach  
  180  13:59  Roach  
  180  14:00  Roach  
  180  14:01  Roach  
  180  14:03  Roach  
  180  14:04  Roach  
  180  14:07  Roach  
  180  14:08  Roach  
  180  14:11  Roach  
  180  14:12  Roach  
  180  14:15  Roach  
  186  14:23  Roach x3  
  151  14:24  Roach x2  
  151  14:25  Roach  
  151  14:29  Roach  
  151  14:30  Roach  
  139  14:33  Roach  
  139  14:34  Roach  
  118  14:39  Roach  
  118  14:40  Roach  
  118  14:44  Queen  
  109  14:46  Roach  
  109  14:49  Roach  
  109  14:52  Roach  
  103  14:57  Roach  
  103  14:58  Drone  
  100  15:02  Ravager x2  
  100  15:03  Ravager x2  
  103  15:10  Evolution Chamber  
  103  15:11  Ravager  
  103  15:13  Ravager  
  104  15:14  Ravager  
  104  15:16  Ravager  
  104  15:18  Ravager x2  
  108  15:23  Roach  
  108  15:28  Roach  
  112  15:30  Roach  
  112  15:33  Roach  
  118  15:35  Roach  
  118  15:38  Hydralisk  
  118  15:42  Hydralisk  
  120  15:49  Roach  
  107  15:51  Roach  
Show
View Real Time Build Order
Export as new Build Order

Cham Zerg - Winner!

Build Orders: Hatch First, Muta Ling Bane 

Get SALT Encoding   

  12  0:01  Drone  
  13  0:08  Drone  
  14  0:17  Overlord  
  15  0:35  Drone x2  
  15  0:36  Drone  
  17  0:52  Hatchery  
  17  0:55  Drone  
  17  1:02  Extractor  
  16  1:11  Spawning Pool  
  16  1:14  Drone  
  16  1:18  Drone  
  17  1:21  Drone  
  18  1:33  Drone  
  19  1:51  Overlord  
  19  1:59  Queen  
  21  2:02  Metabolic Boost  
  21  2:03  Queen  
  21  2:05  Zergling x2  
  21  2:06  Zergling x2  
  25  2:10  Zergling x2  
  25  2:14  Drone  
  27  2:16  Drone  
  28  2:23  Drone  
  28  2:25  Drone  
  30  2:35  Queen  
  32  2:37  Drone  
  32  2:38  Drone  
  34  2:47  Evolution Chamber  
  34  2:49  Overlord  
  33  2:54  Overlord  
  33  2:59  Drone x2  
  35  3:08  Drone x2  
  37  3:14  Drone x3  
  37  3:15  Drone  
  38  3:23  Zergling x6  
  41  3:28  Zerg Ground Armor Level 1  
  41  3:30  Zergling x2  
  41  3:33  Zergling x2  
  43  3:40  Zergling x2  
  44  3:42  Roach Warren  
  44  3:47  Drone x2  
  45  3:54  Drone x3  
  48  4:02  Hatchery  
  46  4:12  Overlord  
  46  4:15  Overlord  
  43  4:22  Roach x5  
  51  4:30  Overlord  
  51  4:32  Roach x2  
  51  4:33  Roach  
  51  4:35  Roach  
  51  4:38  Roach  
  61  4:41  Overlord  
  61  4:42  Zergling x2  
  61  4:45  Zergling x2  
  63  4:52  Zergling x2  
  64  4:53  Zergling x2  
  64  4:54  Zergling x4  
  64  4:56  Zergling x4  
  70  5:00  Zergling x4  
  70  5:01  Ravager  
  70  5:04  Zergling x2  
  73  5:10  Zergling x2  
  73  5:13  Zergling x2  
  75  5:16  Extractor, Zergling x2  
  75  5:17  Extractor  
  75  5:19  Zergling x2  
  75  5:23  Zergling x2  
  75  5:25  Zergling x2  
  73  5:36  Drone x7  
  73  5:44  Drone x3  
  73  5:46  Lair  
  73  5:47  Drone  
  69  5:54  Drone x4  
  69  5:55  Drone  
  67  6:01  Drone, Zerg Missile Weapons Level 1  
  68  6:04  Overlord  
  68  6:05  Drone x3  
  68  6:07  Overlord  
  68  6:08  Extractor  
  70  6:11  Drone  
  70  6:13  Extractor  
  70  6:16  Drone, Overlord  
  70  6:18  Drone x4  
  74  6:21  Roach x2  
  74  6:23  Roach  
  80  6:29  Overlord  
  80  6:31  Roach  
  82  6:34  Roach x2  
  82  6:35  Roach  
  82  6:36  Roach  
  90  6:41  Drone  
  90  6:42  Glial Reconstitution  
  90  6:45  Drone x4  
  90  6:46  Drone  
  96  6:48  Drone  
  96  6:49  Extractor  
  96  6:54  Drone  
  96  6:55  Spire, Drone  
  96  6:56  Drone  
  96  6:59  Overseer  
  96  7:00  Roach  
  100  7:02  Overlord  
  100  7:04  Overlord  
  100  7:06  Overlord  
  102  7:08  Roach  
  102  7:10  Roach  
  102  7:11  Overlord  
  102  7:14  Roach  
  106  7:17  Overlord  
  106  7:19  Roach  
  106  7:20  Roach  
  106  7:21  Roach  
  112  7:22  Overlord  
  112  7:33  Roach x2  
  112  7:34  Overlord  
  116  7:37  Drone  
  116  7:38  Baneling Nest  
  116  7:40  Drone  
  117  7:49  Hatchery  
  116  7:52  Roach, Overlord  
  116  7:54  Zerg Ground Armor Level 2  
  116  7:55  Roach x2  
  116  7:56  Roach x2  
  116  7:58  Ravager x3  
  129  8:00  Roach  
  129  8:01  Roach  
  133  8:06  Roach  
  133  8:08  Overlord  
  133  8:09  Roach x2  
  141  8:13  Roach x2  
  141  8:19  Mutalisk  
  141  8:20  Mutalisk  
  141  8:24  Drone x5  
  141  8:26  Mutalisk  
  152  8:27  Overlord  
  152  8:31  Mutalisk  
  154  8:39  Mutalisk  
  149  8:48  Mutalisk  
  149  8:50  Extractor  
  149  8:53  Extractor  
  146  8:57  Mutalisk, Roach x2  
  146  9:01  Mutalisk  
  151  9:06  Mutalisk  
  153  9:12  Overlord x2  
  153  9:13  Drone x2  
  153  9:15  Roach  
  153  9:16  Roach  
  159  9:20  Centrifical Hooks  
  163  9:24  Roach x2  
  163  9:26  Hatchery, Roach x4  
  163  9:27  Zergling x4  
  163  9:28  Zergling x2  
  173  9:34  Zergling x4  
  173  9:35  Zergling x2  
  173  9:37  Overseer  
  176  9:39  Zergling x2  
  176  9:41  Ravager x3  
  176  9:44  Zergling x6  
  184  9:45  Zergling x4  
  184  9:49  Roach x4  
  179  9:58  Overseer x2  
  177  10:01  Roach x4  
  177  10:02  Roach x2  
  177  10:05  Ravager x3  
  192  10:10  Baneling  
  192  10:11  Baneling x4  
  192  10:13  Baneling x2  
  190  10:14  Baneling  
  190  10:16  Baneling  
  190  10:17  Baneling x2  
  190  10:21  Baneling x3  
  190  10:25  Baneling x2  
  190  10:26  Baneling x2  
  190  10:27  Baneling  
  190  10:28  Zergling x2  
  183  10:44  Roach x3  
  183  10:45  Roach x3  
  183  10:46  Roach  
  183  10:49  Roach  
  169  10:53  Roach x2  
  153  10:58  Roach  
  153  10:59  Roach  
  153  11:00  Roach x5  
  153  11:02  Roach  
  153  11:03  Roach x5  
  167  11:05  Roach x3  
  167  11:08  Zerg Missile Weapons Level 2  
  171  11:11  Roach x3  
  171  11:12  Roach x2  
  171  11:14  Roach x3  
  171  11:18  Roach x2  
  183  11:21  Roach x2  
  183  11:22  Ravager  
  188  11:26  Roach x2  
  190  11:34  Roach x2  
  194  11:41  Roach x3  
  194  11:42  Unknown  
  194  11:46  Unknown x2  
  198  11:50  Unknown  
  198  11:51  Roach x4  
  198  11:52  Roach  
  198  11:53  Roach x3  
  198  11:54  Roach x3  
  179  11:57  Roach  
  179  11:59  Roach  
  160  12:01  Roach  
  160  12:02  Roach  
  160  12:04  Roach  
  160  12:08  Roach  
  147  12:09  Roach x2  
  147  12:12  Roach  
  147  12:15  Roach x2  
  147  12:20  Roach x2  
  149  12:28  Ravager x3  
  149  12:29  Ravager x4  
  154  12:32  Ravager, Roach x2  
  154  12:33  Roach  
  154  12:35  Roach  
  165  12:37  Roach  
  165  12:40  Roach  
  169  12:44  Roach x3  
  159  12:51  Roach  
  159  12:52  Roach x3  
  159  13:01  Roach x5  
  147  13:08  Roach x2  
  147  13:09  Roach x3  
  147  13:13  Roach x2  
  147  13:17  Burrow  
  149  13:20  Tunneling Claws  
  149  13:24  Roach x2  
  153  13:28  Ravager x5  
  153  13:29  Ravager  
  153  13:30  Roach x2  
  153  13:32  Roach  
  167  13:34  Roach  
  167  13:37  Roach  
  167  13:38  Roach  
  167  13:39  Roach  
  173  13:42  Roach  
  173  13:44  Roach x2  
  179  13:50  Roach x2  
  179  13:51  Roach  
  179  13:54  Roach x2  
  187  14:07  Roach  
  187  14:08  Roach  
  187  14:09  Ravager, Roach x2  
  196  14:14  Roach  
  196  14:15  Roach  
  200  14:21  Roach x3  
  200  14:22  Roach  
  200  14:23  Roach  
  174  14:28  Roach x2  
  174  14:29  Roach  
  174  14:30  Roach x4  
  168  14:31  Roach x11  
  168  14:32  Roach  
  168  14:34  Roach x2  
  168  14:35  Roach  
  168  14:37  Roach  
  160  14:40  Roach x3  
  158  14:47  Roach  
  158  14:49  Roach x2  
  148  14:53  Roach x3  
  148  14:57  Roach  
  148  14:58  Roach x2  
  152  15:02  Roach x2  
  152  15:04  Ravager x3  
  152  15:05  Ravager  
  160  15:08  Roach x20  
  162  15:14  Extractor  
  162  15:17  Roach x2  
  162  15:18  Roach  
  162  15:20  Roach x3  
  173  15:23  Roach x2  
  173  15:24  Roach x7  
  177  15:29  Roach  
  177  15:30  Roach x2  
  183  15:36  Roach x2  
  183  15:40  Roach  
  179  15:53  Roach  
Tags
 
Add a new tag
Caveats
  • Supply blocks, unpowered buildings, or Contaminate may cause inaccurate times.
  • Supply counts are checked every 10 seconds.